 Dungeon Crawl Stone Soup version 0.20-a0-151-g755e310 (webtiles) character file.

17719 FitzyFitz the Spear-Bearer (level 12, -4/94 HPs)
             Began as a Merfolk Ice Elementalist on Nov 21, 2016.
             Was a High Priest of Vehumet.
             Slain by a warg (11 damage)
             ... while paralysed by an orc sorcerer
             ... on level 1 of the Orcish Mines on Nov 22, 2016.
             The game lasted 01:40:50 (20225 turns).

FitzyFitz the Spear-Bearer (MfIE)                  Turns: 20225, Time: 01:40:51

Health: -4/94      AC: 13    Str: 18    XL:     12   Next: 51%
Magic:  14/18      EV:  2    Int: 24    God:    Vehumet [*****.]
Gold:   681        SH:  0    Dex: 13    Spells: 2/20 levels left

rFire  . . .     SeeInvis .     a - +0 trident
rCold  + . .     Gourm    .     y - +3 leather armour {rPois}
rNeg   . . .     Faith    .     (no shield)
rPois  +         Spirit   .     (helmet restricted)
rElec  .         Reflect  .     t - +0 cloak
rCorr  .         Harm     .     k - +1 pair of gloves
MR     .....     Clarity  +     w - +0 pair of boots
Stlth  ++........               D - amulet of magic regeneration
                                K - ring of Cakost {*Drain rC+ Str+4 Int+5}
                                T - +6 ring of strength

@: paralysed
A: change form in water, swift swim, stealthy swim, fangs 1, horns 1, rugged
brown scales 1, thin metallic scales 1, clarity, clumsy 1
a: Renounce Religion


You were on level 1 of the Orcish Mines.
You worshipped Vehumet.
Vehumet was extremely pleased with you.
You were not hungry.

You visited 4 branches of the dungeon, and saw 13 of its levels.
You also visited: Bailey.

You collected 681 gold pieces.

Inventory:

Hand Weapons
 a - a +0 trident (weapon)
 d - a +2 scimitar of flaming
Missiles
 g - a throwing net (quivered)
 F - 65 tomahawks of returning
Armour
 k - a +1 pair of gloves (worn)
 t - a +0 cloak (worn)
 w - a +0 pair of boots (worn)
 y - a +3 leather armour of poison resistance (worn)
Magical Staves
 b - an uncursed staff of cold
Jewellery
 l - an uncursed ring of protection from magic
 D - an amulet of magic regeneration (around neck)
 G - a +3 ring of protection
 K - the ring of Cakost (right hand) {*Drain rC+ Str+4 Int+5}
   (You found it on level 9 of the Dungeon)

   [ring of intelligence]

   It affects your strength (+4).
   It affects your intelligence (+5).
   It protects you from cold.
   It causes draining when unequipped.
 S - an uncursed ring of see invisible
 T - a +6 ring of strength (left hand)
Wands
 J - a wand of iceblast (9/15)
 N - a wand of flame (24/48)
 Q - a wand of paralysis (11/24)
Scrolls
 e - a scroll of summoning
 j - a scroll of identify
 q - 2 scrolls of blinking
 r - 4 scrolls of remove curse
 H - 2 scrolls of teleportation
 U - a scroll of magic mapping
Potions
 i - 2 potions of lignification
 B - 3 potions of curing
 C - 2 potions of agility
 O - a potion of haste
Books
 A - a book of Cantrips

   Spells                             Type                      Level
   a - Confusing Touch                Hexes                        1
   b - Animate Skeleton               Necromancy                   1
   c - Summon Small Mammal            Summoning                    1
   d - Apportation                    Translocation                1
 W - a book of Frost

   Spells                             Type                      Level
   a - Freeze                         Ice                          1
   b - Throw Frost                    Conjuration/Ice              2
   c - Ozocubu's Armour               Charms/Ice                   3
   d - Throw Icicle                   Conjuration/Ice              4
   e - Summon Ice Beast               Ice/Summoning                4
Miscellaneous
 Y - a box of beasts
Comestibles
 c - 5 bread rations
 h - 15 fruits
 u - 3 beef jerkies
 z - 2 meat rations


   Skills:
 + Level 7.9 Fighting
 - Level 11.6 Polearms
 - Level 8.8 Dodging
 - Level 4.7 Stealth
 - Level 4.6 Spellcasting
 - Level 4.0 Conjurations
 - Level 3.8 Charms
 - Level 2.0 Summonings
 + Level 10.9 Ice Magic
 - Level 5.8 Air Magic
 - Level 5.8 Poison Magic


You had 2 spell levels left.
You knew the following spells:

 Your Spells              Type           Power        Failure   Level  Hunger
a - Freeze                Ice            ####         1%          1    None
b - Ozocubu's Armour      Chrm/Ice       #####...     1%          3    ##.....
c - Freezing Cloud        Conj/Ice/Air   #####.....   41%         6    #######
d - Magic Dart            Conj           ####         1%          1    None
e - Summon Ice Beast      Ice/Summ       #####...     10%         4    ####...
f - Mephitic Cloud        Conj/Pois/Air  ####....     1%          3    ##.....


Dungeon Overview and Level Annotations

Branches:
Dungeon (10/15)            Temple (1/1) D:5            Lair (1/6) D:10
    Orc (1/2) D:10

Altars:
Ashenzari
Cheibriados
Dithmenos
Elyvilon
Fedhas
Gozag
Hepliaklqana
Kikubaaqudgha
Makhleb
Nemelex Xobeh
Okawaru
Qazlal
Ru
Sif Muna
Trog
Uskayaw
Vehumet
Xom
Yredelemnul
Zin
The Shining One

Shops:
D:5 }

Annotations:
D:7 exclusion: ice statue


Innate Abilities, Weirdness & Mutations

You revert to your normal form in water.
You are very nimble and swift while swimming.
You are very stealthy in the water. (Stealth+)
You have very sharp teeth.
You have a pair of small horns on your head.
You are partially covered in rugged brown scales. (AC +1, +3% HP)
You are partially covered in thin metallic scales. (AC +2)
You possess an exceptional clarity of mind.
You are clumsy. (Dex -2)


Message History

Your ice beast hits the orc sorcerer but does no damage.
Your ice beast barely misses the orc sorcerer.
The warg bites you!
The orc hits your ice beast with a club.
The orc sorcerer points at your ice beast and mumbles some strange words.
The bolt of fire hits your ice beast.
Your ice beast melts!
Your ice beast dies!
The bolt of fire hits the orc.
The orc dies!
The red devil hits you from afar with a trident!!
* * * LOW HITPOINT WARNING * * *
The warg bites you but does no damage.
Your ice beast hits the orc sorcerer but does no damage.
The orc warrior hits you with a flail.
* * * LOW HITPOINT WARNING * * *
Send 'em back where they came from!
Your ice beast shudders.
The warg bites you!
You die...

.. .o. ##
#...
##.####.... #
...#.o....
##.#...o.....
#..4Y.h......
#o@.# #..o##
##)## ##


You could see an orc knight, a warg, an orc sorcerer, a red devil, an orc
warrior, 2 orcs and a friendly ice beast.

Vanquished Creatures
  An orc warlord (Bailey)
  Fannar (D:10)
  Erica (Lair:1)
  An orc knight (Bailey)
  2 hill giants (D:10)
  2 spiny frogs (Lair:1)
  4 komodo dragons (Lair:1)
  5 trolls
  Grinder (D:6)
  2 hippogriffs
  2 wyverns
  A shadow (D:9)
  6 yaks
  A spriggan (D:7)
  Eustachio (D:6)
  A hungry ghost (D:9)
  Menkaure (D:5)
  Edmund (D:5)
  2 hell hounds (D:9)
  5 water moccasins
  Duvessa (D:5)
  6 orc warriors
  A sky beast (D:7)
  5 ice beasts
  2 phantoms
  An eye of draining (D:9)
  A necrophage (D:8)
  8 ogres
  2 black bears (D:8)
  6 wolves (Lair:1)
  6 centaurs
  A crocodile (Lair:1)
  A big kobold (D:9)
  Blork the orc (D:5)
  12 bullfrogs
  A wyvern zombie (D:10)
  2 wyvern skeletons
  12 scorpions
  Dowan (D:5)
  15 killer bees
  A water moccasin skeleton (D:5)
  A troll zombie (D:8)
  9 wights
  2 howler monkeys
  4 crimson imps
  A centaur zombie (D:6)
  5 orc priests
  10 orc wizards
  6 human zombies (D:8)
  A jelly (D:7)
  A bullfrog zombie (D:7)
  9 hounds
  Crazy Yiuf (D:7)
  A bullfrog skeleton (D:5)
  2 centaur skeletons
  4 iguanas
  6 worker ants
  An ogre zombie (D:8)
  A hound zombie (D:10)
  2 hound skeletons
  2 howler monkey skeletons
  7 gnolls
  15 adders
  4 river rats
  2 shadow imps
  2 oozes
  2 adder zombies
  4 adder skeletons
  3 dart slugs
  7 leopard geckos
  43 orcs
  7 giant cockroaches
  15 goblins
  10 hobgoblins
  19 jackals
  6 quokkas
  12 bats
  8 frilled lizards
  A giant cockroach zombie (D:6)
  28 kobolds
  2 leopard gecko skeletons
  2 orc zombies (D:8)
  8 rats
  2 fungi (D:7)
405 creatures vanquished.

Vanquished Creatures (collateral kills)
  A two-headed ogre (D:9)
  A porcupine (Lair:1)
  An ice beast (D:7)
  A killer bee (D:8)
  An orc (Orc:1)
5 creatures vanquished.

Vanquished Creatures (others)
  An orc (Orc:1)
  2 fungi
  A plant (Lair:1)
4 creatures vanquished.

Grand Total: 414 creatures vanquished

Notes
Turn   | Place    | Note
-------+----------+-------------------------------------------
     0 | D:1      | FitzyFitz the Merfolk Ice Elementalist began the quest for the Orb.
     0 | D:1      | Reached XP level 1. HP: 13/13 MP: 3/3
     6 | D:1      | Noticed a redback
     6 | D:1      | Noticed a crocodile
     6 | D:1      | Noticed a polar bear
     7 | D:1      | Noticed a rime drake
     7 | D:1      | Noticed a lindwurm
   216 | D:1      | Reached XP level 2. HP: 17/19 MP: 0/5
   664 | D:1      | Reached XP level 3. HP: 11/24 MP: 3/6
  1180 | D:1      | Learned a level 3 spell: Ozocubu's Armour
  1322 | D:2      | Reached skill level 1 in Charms
  1407 | D:2      | Found a deep blue altar of Sif Muna.
  1635 | D:2      | Reached XP level 4. HP: 30/30 MP: 0/7
  1716 | D:2      | Found an iron altar of Okawaru.
  2279 | D:3      | Reached skill level 5 in Ice Magic
  2581 | D:3      | Found a blossoming altar of Fedhas.
  3119 | D:3      | Reached XP level 5. HP: 35/35 MP: 8/8
  3385 | D:4      | Noticed an ogre
  3742 | D:4      | Reached XP level 6. HP: 18/41 MP: 1/9
  4062 | D:4      | Reached skill level 1 in Polearms
  4336 | D:4      | Noticed a phantom
  4493 | D:4      | Gained mutation: You are clumsy. (Dex -2) [potion of mutation]
  4493 | D:4      | Gained mutation: You are partially covered in rugged brown scales. (AC +1, +3% HP) [potion of mutation]
  4493 | D:4      | Gained mutation: You are partially covered in thin metallic scales. (AC +2) [potion of mutation]
  4521 | D:4      | Reached skill level 2 in Polearms
  4606 | D:4      | Learned a level 4 spell: Throw Icicle
  4779 | D:5      | Entered Level 5 of the Dungeon
  4989 | D:5      | Reached skill level 3 in Polearms
  4989 | D:5      | Reached XP level 7. HP: 29/47 MP: 1/10
  5118 | D:5      | Noticed Edmund
  5154 | D:5      | Reached skill level 4 in Polearms
  5154 | D:5      | Reached skill level 1 in Conjurations
  5176 | D:5      | Found a staircase to the Ecumenical Temple.
  5217 | Temple   | Entered the Ecumenical Temple
  5382 | Temple   | Became a worshipper of Vehumet
  5426 | D:5      | Reached skill level 5 in Polearms
  5684 | D:5      | Noticed Duvessa
  5686 | D:5      | Noticed Dowan
  5703 | D:4      | Reached XP level 8. HP: 44/53 MP: 1/11
  5878 | D:4      | Reached skill level 6 in Polearms
  6171 | D:4      | Reached skill level 1 in Fighting
  6388 | D:5      | Killed Dowan
  6647 | D:5      | Killed Duvessa
  6651 | D:5      | Reached skill level 7 in Polearms
  6679 | D:5      | Noticed Menkaure
  6818 | D:5      | Killed Menkaure
  7059 | D:5      | Reached XP level 9. HP: 55/63 MP: 7/12
  7282 | D:5      | Reached skill level 5 in Dodging
  7309 | D:5      | Killed Edmund
  7309 | D:5      | Reached skill level 8 in Polearms
  7318 | D:5      | Reached * piety under Vehumet
  7318 | D:5      | Offered knowledge of Magic Dart by Vehumet.
  7321 | D:5      | Learned a level 1 spell: Magic Dart
  7400 | D:5      | Got a distressingly furry plate armour
  7452 | D:5      | Noticed Blork the orc
  7491 | D:5      | Killed Blork the orc
  7564 | D:5      | Found Reamy's Gadget Shoppe.
  8238 | D:6      | Noticed Grinder
  8585 | D:6      | Killed Grinder
  8657 | D:6      | Reached skill level 9 in Polearms
  8769 | D:6      | Found a glowing golden altar of the Shining One.
  8965 | D:6      | Reached ** piety under Vehumet
  9014 | D:6      | Offered knowledge of Sandblast by Vehumet.
  9056 | D:6      | Found a sparkling altar of Nemelex Xobeh.
  9283 | D:6      | Reached XP level 10. HP: 75/75 MP: 10/14
  9682 | D:6      | Reached skill level 5 in Fighting
  9784 | D:6      | Noticed Eustachio
  9848 | D:6      | Killed Eustachio
 10337 | D:7      | Learned a level 4 spell: Summon Ice Beast
 10464 | D:7      | Noticed an ice statue
 10844 | D:7      | Reached skill level 10 in Polearms
 10844 | D:7      | Reached skill level 1 in Summonings
 11392 | D:7      | Offered knowledge of Conjure Flame by Vehumet.
 11775 | D:7      | Reached *** piety under Vehumet
 12139 | D:7      | Gained mutation: You possess an exceptional clarity of mind. [mutagenic meat]
 12211 | D:7      | Found a runed door.
 12216 | D:7      | Noticed Crazy Yiuf
 12223 | D:7      | Killed Crazy Yiuf
 12385 | D:8      | Found a flagged portal.
 12412 | Bailey   | Entered a bailey
 12485 | Bailey   | Noticed an orc warlord
 12582 | Bailey   | Offered knowledge of Mephitic Cloud by Vehumet.
 12664 | Bailey   | Learned a level 3 spell: Mephitic Cloud
 12770 | Bailey   | Noticed an orc knight
 13069 | Bailey   | Killed an orc knight
 13077 | Bailey   | Found a runed gate.
 13081 | Bailey   | Found a runed gate.
 13082 | Bailey   | Found a runed gate.
 13123 | Bailey   | Killed an orc warlord
 13123 | Bailey   | Reached skill level 5 in Poison Magic
 13123 | Bailey   | Reached XP level 11. HP: 82/82 MP: 15/17
 13190 | Bailey   | Gained mutation: You have a pair of small horns on your head. [potion of beneficial mutation]
 13191 | Bailey   | Gained mutation: You have very sharp teeth. [potion of beneficial mutation]
 13404 | D:8      | Reached **** piety under Vehumet
 13688 | D:8      | Found a snail-covered altar of Cheibriados.
 13728 | D:8      | Offered knowledge of Lightning Bolt by Vehumet.
 13746 | D:8      | Reached skill level 11 in Polearms
 14259 | D:8      | Found a basalt altar of Yredelemnul.
 14838 | D:9      | Got a fine turquoise ring
 15047 | D:9      | Identified the ring of Cakost {*Drain rC+ Str+4 Int+5} (You found it on level 9 of the Dungeon)
 15359 | D:9      | Reached ***** piety under Vehumet
 15388 | D:9      | Offered knowledge of Freezing Cloud by Vehumet.
 15683 | D:8      | Learned a level 6 spell: Freezing Cloud
 15683 | D:8      | Upgraded the game from 0.20-a0-150-g0ef8409 to 0.20-a0-151-g755e310
 15827 | D:9      | Reached skill level 1 in Air Magic
 16568 | D:10     | Entered Level 10 of the Dungeon
 16633 | D:10     | Found a staircase to the Lair.
 17074 | D:10     | Noticed a hill giant
 17117 | D:10     | Killed a hill giant
 17585 | D:10     | Noticed Fannar
 17626 | D:10     | Killed Fannar
 17626 | D:10     | Reached skill level 5 in Air Magic
 17626 | D:10     | Reached XP level 12. HP: 81/91 MP: 12/18
 17727 | D:10     | Found a staircase to the Orcish Mines.
 18050 | D:10     | Reached skill level 10 in Ice Magic
 18497 | Lair:1   | Entered Level 1 of the Lair of Beasts
 18614 | Lair:1   | Noticed Erica
 18641 | Lair:1   | Killed Erica
 19387 | Lair:1   | Noticed a five-headed hydra
 20208 | Orc:1    | Entered Level 1 of the Orcish Mines
 20221 | Orc:1    | Paralysed by an orc sorcerer for 7 turns
 20225 | Orc:1    | Slain by a warg

Vault maps used:
D:1:      onia_arrival_zoo_common
D:2:      led_sif_pool, first_bread, kennysheep_okawaru_gauntlet
D:3:      old_standard_altar
D:4:      serial_glass, glass_columns_c, glass_columns_c, feat_on_display
D:5:      old_forge, serial_shops, nicolae_shop_window_shopping, uniq_edmund,
          uniq_blork_the_orc, uniq_menkaure, uniq_duvessa
D:6:      wad_woods_stonehenge, nemelex_altar_shiori, uniq_grinder,
          uniq_eustachio
D:7:      lemuel_ice_statue, the_bakery, serial_park_tiny_pond,
          uniq_crazy_yiuf_cottage
D:8:      lemuel_mausoleum_altar_yredelemnul, lightli_bailey_entry_fortress,
          cheibriados_altar_1
D:10:     minmay_lair_entry_lava, orc_0_dummy, uniq_fannar
Temple:   eino_temple_rhombus
Lair:1:   nicolae_quartered_pool_super, bh_autumn_forest_stairs,
          serial_bayou_pond_e, grunt_forest_small_clearings, grunt_megastairs_5,
          uniq_erica
Orc:1:    uniq_gastronok
Bailey:   bailey_axe_bossmonster_kennysheep, bailey

Skill      XL: |  1  2  3  4  5  6  7  8  9 10 11 12 |
---------------+-------------------------------------+-----
Ice Magic      | 4 5 6 7 8 9 10 | 10.9
Charms         | 1 2 3 |  3.8
Polearms       | 3 5 7 9 10 11 | 11.6
Conjurations   | 2 3 4 |  4.0
Dodging        | 4 6 7 8 |  8.8
Fighting       | 2 4 5 6 7 |  7.9
Stealth        | 3 4 |  4.7
Spellcasting   | 4 |  4.6
Summonings     | 2 |  2.0
Poison Magic   | 5 |  5.8
Air Magic      | 5 |  5.8

Action                   |  1- 3 |  4- 6 |  7- 9 | 10-12 || total
-------------------------+-------+-------+-------+-------++-------
Melee: Unarmed           |     9 |       |       |       ||     9
       Dagger            |    70 |   135 |       |       ||   205
       Trident           |       |    68 |   472 |  1744 ||  2284
       Tailslap          |       |       |       |     7 ||     7
       Headbutt          |       |       |       |   181 ||   181
       Bite              |       |       |       |   105 ||   105
Throw: Stone             |       |     2 |     2 |    21 ||    25
       Throwing net      |       |       |       |     1 ||     1
 Cast: Freeze            |    25 |    43 |    93 |    40 ||   201
       Ozocubu's Armour  |     2 |     6 |    26 |    56 ||    90
       Summon Ice Beast  |       |       |       |    16 ||    16
       Mephitic Cloud    |       |       |       |    28 ||    28
       Throw Icicle      |       |       |       |     3 ||     3
       Magic Dart        |       |       |       |     1 ||     1
Evoke: Wand              |       |       |       |     9 ||     9
  Use: Scroll            |     2 |     4 |     3 |    15 ||    24
       Potion            |       |     3 |     6 |     6 ||    15
 Stab: Sleeping          |     5 |     7 |     3 |    22 ||    37
       Distracted        |     1 |       |     1 |     3 ||     5
       Paralysed         |       |       |       |    14 ||    14
       Confused          |       |       |       |    32 ||    32
  Eat: Chunk             |     3 |    11 |    15 |    37 ||    66
       Bread ration      |       |       |     1 |     2 ||     3
       Beef jerky        |       |       |     1 |       ||     1
       Meat ration       |       |       |       |     1 ||     1
Armor: Robe              |    16 |    54 |   129 |    10 ||   209
       Leather armour    |       |       |       |   412 ||   412
Dodge: Dodged            |    72 |   160 |   354 |   922 ||  1508
